% Time on Ice - REGINA FALCONS
Lines # - Real PCT - Wanted PCT - Time Play
Normal Forward
1 - 38% - 36% - 19:47
2 - 34% - 34% - 17:25
3 - 21% - 24% - 10:58
4 - 7% - 6% - 3:25
Normal Defense
1 - 37% - 38% - 18:54
2 - 33% - 34% - 16:51
3 - 21% - 18% - 10:49
4 - 10% - 10% - 5:01
PP Forward
1 - 46% - 55% - 2:45
2 - 54% - 45% - 3:12
PP Defense
1 - 48% - 55% - 2:52
2 - 52% - 45% - 3:05
PK Forward
1 - 61% - 55% - 1:14
2 - 39% - 45% - 0:47
PK Defense
1 - 58% - 55% - 1:10
2 - 42% - 45% - 0:51
PK3 Forward
1 - 0% - 55%
2 - 0% - 45%
PK3 Defense
1 - 0% - 55%
2 - 0% - 45%
44 Forward
1 - 0% - 55%
2 - 0% - 45%
44 Defense
1 - 0% - 55%
2 - 0% - 45%
Last Minute Offensive  - 0:27
Last Minute Defensive  - 0:00
Total
Forward - 60:00
Defense - 60:00
% Time on Ice - SAN DIEGO THUNDER
Lines # - Real PCT - Wanted PCT - Time Play
Normal Forward
1 - 37% - 36% - 18:55
2 - 30% - 32% - 15:34
3 - 23% - 24% - 11:57
4 - 10% - 8% - 4:55
Normal Defense
1 - 29% - 36% - 15:03
2 - 34% - 31% - 17:13
3 - 29% - 18% - 14:40
4 - 9% - 15% - 4:25
PP Forward
1 - 50% - 55% - 1:01
2 - 50% - 45% - 1:00
PP Defense
1 - 66% - 55% - 1:20
2 - 34% - 45% - 0:41
PK Forward
1 - 59% - 55% - 3:31
2 - 41% - 45% - 2:26
PK Defense
1 - 45% - 55% - 2:41
2 - 55% - 45% - 3:16
PK3 Forward
1 - 0% - 55%
2 - 0% - 45%
PK3 Defense
1 - 0% - 55%
2 - 0% - 45%
44 Forward
1 - 0% - 55%
2 - 0% - 45%
44 Defense
1 - 0% - 55%
2 - 0% - 45%
Last Minute Offensive  - 0:00
Last Minute Defensive  - 0:41
Total
Forward - 60:00
Defense - 60:00
Play-by-Play 1st period 0:01 of 1st period - Jonathan Miller wins face-off versus Nikita Kucherov in neutral zone. 0:28 of 1st period - Icing by Jonathan Miller. 0:29 of 1st period - Logan Couture wins face-off versus Jonathan Miller in REGINA FALCONS zone. 1:14 of 1st period - Minor Penalty to Evander Kane for Interference. 1:15 of 1st period - Jean-Gabriel Pageau wins face-off versus Jonathan Audy-Marchessault in SAN DIEGO THUNDER zone. 3:50 of 1st period - David Perron is hit by Brenden Dillon and loses puck. 3:53 of 1st period - Shot by Mark Scheifele. 3:53 of 1st period - Stopped by Tristan Jarry without a rebound. 3:54 of 1st period - Max Pacioretty wins face-off versus Logan Couture in REGINA FALCONS zone. 4:09 of 1st period - Shot by David Pastrnak. 4:09 of 1st period - Stopped by Connor Hellebuyck without a rebound. 4:10 of 1st period - Ryan Getzlaf wins face-off versus Robert Fabbri in SAN DIEGO THUNDER zone. 5:13 of 1st period - Shot by Nikita Kucherov. 5:13 of 1st period - Stopped by Tristan Jarry without a rebound. 5:14 of 1st period - Logan Couture wins face-off versus Derick Brassard in REGINA FALCONS zone. 5:27 of 1st period - Shot by Logan Couture. 5:27 of 1st period - Deflect By Evander Kane. 5:27 of 1st period - Shot Blocked by Brent Burns. 5:32 of 1st period - Icing by Corey Perry. 5:33 of 1st period - Jean-Gabriel Pageau wins face-off versus Derick Brassard in REGINA FALCONS zone. 6:55 of 1st period - Icing by David Perron. 6:56 of 1st period - Ryan Getzlaf wins face-off versus Mark Scheifele in SAN DIEGO THUNDER zone. 7:03 of 1st period - Shot by Ryan Getzlaf. 7:03 of 1st period - Shot Blocked by Justin Holl. 7:09 of 1st period - Shot by Patrik Laine. 7:09 of 1st period - Shot Misses the Net. 7:12 of 1st period - Icing by Mark Scheifele. 7:13 of 1st period - Mark Scheifele wins face-off versus Jonathan Miller in SAN DIEGO THUNDER zone. 7:36 of 1st period - Shot by David Pastrnak. 7:36 of 1st period - Shot Misses the Net. 7:38 of 1st period - Shot by Jonathan Miller. 7:38 of 1st period - Stopped by Connor Hellebuyck without a rebound. 7:39 of 1st period - Ryan Getzlaf wins face-off versus Logan Couture in SAN DIEGO THUNDER zone. 7:44 of 1st period - Shot by Jonathan Audy-Marchessault. 7:44 of 1st period - Shot Blocked by Charles McAvoy. 7:46 of 1st period - Shot by Patrik Laine. 7:46 of 1st period - Goal by Patrik Laine - REGINA FALCONS : 1 - SAN DIEGO THUNDER : 0. 7:47 of 1st period - Ryan Getzlaf wins face-off versus Evander Kane in neutral zone. 8:24 of 1st period - Shot by Evander Kane. 8:24 of 1st period - Shot Misses the Net. 8:26 of 1st period - Shot by Ilya Mikheyev. 8:26 of 1st period - Shot Misses the Net. 9:10 of 1st period - Shot by David Pastrnak. 9:10 of 1st period - Stopped by Connor Hellebuyck without a rebound. 9:11 of 1st period - Mark Scheifele wins face-off versus Denis Malgin in SAN DIEGO THUNDER zone. 9:11 of 1st period - Mark Scheifele is hit by Matt Martin. 9:39 of 1st period - Off-side. 9:40 of 1st period - Logan Couture wins face-off versus Jonathan Miller in neutral zone. 9:45 of 1st period - Shot by Logan Couture. 9:45 of 1st period - Stopped by Tristan Jarry without a rebound. 9:46 of 1st period - Jonathan Miller wins face-off versus Ilya Mikheyev in REGINA FALCONS zone. 10:05 of 1st period - Icing by Erik Johnson. 10:06 of 1st period - Jonathan Miller wins face-off versus Jean-Gabriel Pageau in REGINA FALCONS zone. 10:15 of 1st period - Shot by Jean-Gabriel Pageau. 10:15 of 1st period - Stopped by Tristan Jarry with a rebound. 10:17 of 1st period - Shot by Connor Murphy. 10:17 of 1st period - Stopped by Tristan Jarry without a rebound. 10:18 of 1st period - Ryan Getzlaf wins face-off versus Mark Scheifele in REGINA FALCONS zone. 10:28 of 1st period - Off-side. 10:29 of 1st period - Jean-Gabriel Pageau wins face-off versus Derick Brassard in neutral zone. 11:31 of 1st period - Shot by Nikita Kucherov. 11:31 of 1st period - Shot Misses the Net. 11:53 of 1st period - Shot by David Perron. 11:53 of 1st period - Shot Blocked by Anton Stralman. 11:59 of 1st period - Shot by Mark Scheifele. 11:59 of 1st period - Stopped by Tristan Jarry without a rebound. 12:00 of 1st period - Ryan Getzlaf wins face-off versus Logan Couture in REGINA FALCONS zone. 12:11 of 1st period - Off-side. 12:12 of 1st period - Logan Couture wins face-off versus Jonathan Miller in neutral zone. 12:21 of 1st period - Shot by Ilya Mikheyev. 12:21 of 1st period - Shot Misses the Net. 12:44 of 1st period - Shot by Jonathan Miller. 12:44 of 1st period - Shot Misses the Net. 12:57 of 1st period - Off-side. 12:58 of 1st period - Mark Scheifele wins face-off versus Ryan Getzlaf in neutral zone. 13:03 of 1st period - Shot by Patrik Laine. 13:03 of 1st period - Stopped by Connor Hellebuyck without a rebound. 13:04 of 1st period - Ryan Getzlaf wins face-off versus Mark Scheifele in SAN DIEGO THUNDER zone. 13:08 of 1st period - Icing by Connor Murphy. 13:09 of 1st period - Ryan Getzlaf wins face-off versus Nikita Kucherov in SAN DIEGO THUNDER zone. 13:30 of 1st period - Mark Scheifele is hit by Brandon Carlo and loses puck. 13:47 of 1st period - Justin Holl is hit by Jonathan Audy-Marchessault and loses puck. 14:03 of 1st period - Minor Penalty to Max Pacioretty for Hooking. 14:04 of 1st period - Jean-Gabriel Pageau wins face-off versus Denis Malgin in REGINA FALCONS zone. 14:05 of 1st period - Shot by Evander Kane. 14:05 of 1st period - Goal by Evander Kane - REGINA FALCONS : 1 - SAN DIEGO THUNDER : 1. 14:06 of 1st period - Logan Couture wins face-off versus Jonathan Miller in neutral zone. 14:22 of 1st period - Shot by David Pastrnak. 14:22 of 1st period - Goal by David Pastrnak - REGINA FALCONS : 2 - SAN DIEGO THUNDER : 1. 14:23 of 1st period - Jean-Gabriel Pageau wins face-off versus Denis Malgin in neutral zone. 14:45 of 1st period - Jean-Gabriel Pageau is hit by Erik Johnson and loses puck. 15:37 of 1st period - Shot by Jonathan Miller. 15:37 of 1st period - Shot Blocked by Charles McAvoy. 15:43 of 1st period - Shot by Jonathan Miller. 15:43 of 1st period - Shot Hit the Post. 15:45 of 1st period - Shot by Jonathan Miller. 15:45 of 1st period - Stopped by Connor Hellebuyck without a rebound. 15:46 of 1st period - David Perron wins face-off versus Ryan Getzlaf in SAN DIEGO THUNDER zone. 16:30 of 1st period - Shot by Mark Scheifele. 16:30 of 1st period - Stopped by Tristan Jarry with a rebound. 17:02 of 1st period - Shot by David Pastrnak. 17:02 of 1st period - Shot Blocked by Nikita Kucherov. 17:04 of 1st period - Shot by Jonathan Miller. 17:04 of 1st period - Stopped by Connor Hellebuyck without a rebound. 17:05 of 1st period - Logan Couture wins face-off versus Derick Brassard in SAN DIEGO THUNDER zone. 17:10 of 1st period - Shot by Evander Kane. 17:10 of 1st period - Stopped by Tristan Jarry without a rebound. 17:11 of 1st period - Logan Couture wins face-off versus Jonathan Miller in REGINA FALCONS zone. 17:20 of 1st period - Icing by Charles McAvoy. 17:21 of 1st period - Logan Couture wins face-off versus Jonathan Miller in SAN DIEGO THUNDER zone. 18:43 of 1st period - Shot by Marcus Foligno. 18:43 of 1st period - Deflect By Jean-Gabriel Pageau. 18:43 of 1st period - Shot Misses the Net. 18:45 of 1st period - Shot by Marcus Foligno. 18:45 of 1st period - Shot Misses the Net. 18:47 of 1st period - Shot by Jean-Gabriel Pageau. 18:47 of 1st period - Goal by Jean-Gabriel Pageau - REGINA FALCONS : 2 - SAN DIEGO THUNDER : 2. 18:48 of 1st period - Mark Scheifele wins face-off versus Derick Brassard in neutral zone. 18:53 of 1st period - Shot by David Perron. 18:53 of 1st period - Stopped by Tristan Jarry without a rebound. 18:54 of 1st period - Derick Brassard wins face-off versus Mark Scheifele in REGINA FALCONS zone. Goals for this period are 2 for REGINA FALCONS vs 2 for SAN DIEGO THUNDER. Shots for this period are 8 for REGINA FALCONS vs 11 for SAN DIEGO THUNDER. 2nd period 0:01 of 2nd period - Ryan Getzlaf wins face-off versus Jean-Gabriel Pageau in neutral zone. 0:15 of 2nd period - Shot by Ryan Getzlaf. 0:15 of 2nd period - Shot Misses the Net. 0:24 of 2nd period - Icing by Mark Borowiecki. 0:25 of 2nd period - Jonathan Miller wins face-off versus Jean-Gabriel Pageau in SAN DIEGO THUNDER zone. 0:51 of 2nd period - Minor Penalty to Marcus Foligno for Interference. 0:52 of 2nd period - Ryan Getzlaf wins face-off versus Drake Batherson in SAN DIEGO THUNDER zone. 1:06 of 2nd period - Icing by Brandon Carlo. 1:07 of 2nd period - Jean-Gabriel Pageau wins face-off versus Ryan Getzlaf in REGINA FALCONS zone. 1:42 of 2nd period - Shot by Brent Burns. 1:42 of 2nd period - Shot Misses the Net. 2:15 of 2nd period - Shot by Max Pacioretty. 2:15 of 2nd period - Deflect By David Pastrnak. 2:15 of 2nd period - Shot Misses the Net. 2:17 of 2nd period - Shot by Max Pacioretty. 2:17 of 2nd period - Deflect By Jonathan Miller. 2:17 of 2nd period - Stopped by Connor Hellebuyck without a rebound. 2:18 of 2nd period - Jean-Gabriel Pageau wins face-off versus Jonathan Miller in SAN DIEGO THUNDER zone. 2:24 of 2nd period - Icing by Jonathan Miller. 2:25 of 2nd period - Jonathan Miller wins face-off versus Jean-Gabriel Pageau in REGINA FALCONS zone. 2:38 of 2nd period - Mark Borowiecki is hit by David Pastrnak and loses puck. 2:50 of 2nd period - Icing by David Pastrnak. 2:51 of 2nd period - Logan Couture wins face-off versus Derick Brassard in REGINA FALCONS zone. 3:00 of 2nd period - Shot by Evander Kane. 3:00 of 2nd period - Stopped by Tristan Jarry without a rebound. 3:01 of 2nd period - Ryan Getzlaf wins face-off versus Mark Scheifele in REGINA FALCONS zone. 3:06 of 2nd period - Shot by Jonathan Audy-Marchessault. 3:06 of 2nd period - Stopped by Connor Hellebuyck with a rebound. 3:26 of 2nd period - Shot by Mark Scheifele. 3:26 of 2nd period - Stopped by Tristan Jarry without a rebound. 3:27 of 2nd period - Jonathan Miller wins face-off versus Logan Couture in REGINA FALCONS zone. 3:38 of 2nd period - Shot by Max Pacioretty. 3:38 of 2nd period - Stopped by Connor Hellebuyck without a rebound. 3:39 of 2nd period - Ryan Getzlaf wins face-off versus Robert Fabbri in SAN DIEGO THUNDER zone. 3:39 of 2nd period - Ryan Getzlaf is hit by Rasmus Dahlin. 4:09 of 2nd period - Marcus Foligno is hit by Brandon Carlo and loses puck. 4:26 of 2nd period - Shot by Patrik Laine. 4:26 of 2nd period - Deflect By Ryan Getzlaf. 4:26 of 2nd period - Shot Misses the Net. 4:53 of 2nd period - Minor Penalty to Max Pacioretty for Goalie Interference. 4:54 of 2nd period - Denis Malgin wins face-off versus Mark Scheifele in REGINA FALCONS zone. 5:13 of 2nd period - Shot by David Perron. 5:13 of 2nd period - Stopped by Tristan Jarry with a rebound. 5:15 of 2nd period - Shot by Connor Murphy. 5:15 of 2nd period - Stopped by Tristan Jarry without a rebound. 5:16 of 2nd period - Denis Malgin wins face-off versus Jean-Gabriel Pageau in REGINA FALCONS zone. 5:32 of 2nd period - Icing by Connor Murphy. 5:33 of 2nd period - Jean-Gabriel Pageau wins face-off versus De